 Dungeon Crawl Stone Soup version 0.23-a0-767-gdc19b93d68 (webtiles) character file.

23224 Brecoman the Fighter (level 13, -7/86 HPs)
             Began as a Gargoyle Fighter on Jan 24, 2019.
             Was the Champion of Makhleb.
             Mangled by Frances
             ... wielding a +0 flail
              (8 damage)
             ... on level 12 of the Dungeon.
             The game lasted 01:00:06 (13329 turns).

Brecoman the Fighter (Gargoyle Fighter)            Turns: 13329, Time: 01:00:06

Health: -7/86      AC: 33    Str: 34    XL:     13   Next: 5%
Magic:  15/15      EV:  8    Int:  9    God:    Makhleb [******]
Gold:   660        SH:  4    Dex:  9    Spells: 12/12 levels left

rFire    + . .     SeeInvis +   N - +8 great mace of Destiny {crush, +Inv Str+4}
rCold    . . .     Gourm    .   (shield currently unavailable)
rNeg     + . .     Faith    .   r - +1 plate armour
rPois    ∞         Spirit   .   I - +0 helmet
rElec    +         Reflect  +   O - +1 cloak {+Inv}
rCorr    +         Harm     .   t - +0 pair of gloves
MR       .....                  l - +0 pair of boots
Stlth    ..........             R - +4 amulet of reflection
HPRegen  0.24/turn              k - ring of see invisible
MPRegen  0.14/turn              Q - ring "Siboaq" {rCorr rF+}

@: mighty
A: negative energy resistance 1, electricity resistance, unbreathing,
petrification resistance, rot immunity, AC +9
a: Minor Destruction, Lesser Servant of Makhleb, Major Destruction, Greater
Servant of Makhleb, Renounce Religion, Evoke Invisibility


You were on level 12 of the Dungeon.
You worshipped Makhleb.
Makhleb was exalted by your worship.
You were not hungry.

You visited 1 branch of the dungeon, and saw 12 of its levels.
You also visited: Gauntlet.

You collected 860 gold pieces.
You spent 200 gold pieces at shops.

Inventory:

Hand Weapons
 e - a +1 morningstar of venom
 z - a +1 whip of electrocution
 E - a +3 flail
 N - the +8 great mace of Destiny (weapon) {crush, +Inv Str+4}
   (You found it in a Gauntlet)

   It inflicts extra damage upon your enemies.
   It affects your strength (+4).
   It lets you turn invisible.
 P - the +8 glaive of the Guard {elec, +Rage AC+5 SInv}
   (You found it in a Gauntlet)

   Occasionally, upon striking a foe, it will discharge some electrical energy
   and cause terrible harm.
   It affects your AC (+5).
   It lets you see invisible.
   It lets you go berserk.
Missiles
 i - 381 stones (quivered)
Armour
 c - a +0 shield
 l - a +0 pair of boots (worn)
 r - a +1 plate armour (worn)
 t - a +0 pair of gloves (worn)
 v - the cursed +0 leather armour "Qoack" {rElec rN++ Int+3 Slay-4}
   (You found it on level 9 of the Dungeon)

   It affects your intelligence (+3).
   It affects your accuracy and damage with ranged weapons and melee attacks
   (-4).
   It insulates you from electricity.
   It greatly protects you from negative energy.
   It has a curse placed upon it.
 I - a +0 helmet (worn)
 O - a +1 cloak of invisibility (worn)
 T - a +2 plate armour of cold resistance
Jewellery
 k - a ring of see invisible (left hand)
 m - the ring of Utevaibb {rElec rF++ MR- EV+2}
   (You took it off an orc wizard on level 8 of the Dungeon)

   [ring of evasion]

   It affects your evasion (+2).
   It greatly protects you from fire.
   It insulates you from electricity.
   It affects your resistance to hostile enchantments.
 p - an uncursed ring of ice
 L - a +4 amulet of reflection
 Q - the ring "Siboaq" (right hand) {rCorr rF+}
   (You found it in a Gauntlet)

   [ring of resist corrosion]

   It protects you from fire.
 R - a +4 amulet of reflection (around neck)
 S - an uncursed ring of positive energy {unknown}
Wands
 h - a wand of acid (10)
 B - a wand of digging (22)
 H - a wand of disintegration (14)
Scrolls
 a - a scroll of magic mapping {unknown}
 b - a scroll of vulnerability {unknown}
 j - 3 scrolls of fog
 o - 7 scrolls of teleportation
 s - 2 scrolls of enchant armour
 w - 2 scrolls of immolation
 y - 3 scrolls of remove curse
 D - 3 scrolls of identify
 G - a scroll of amnesia
 K - a scroll of summoning {unknown}
Potions
 d - 4 potions of might
 g - 4 potions of brilliance
 n - 2 potions of lignification
 q - a potion of mutation
 u - 6 potions of flight
 x - a potion of berserk rage {unknown}
 A - 2 potions of degeneration
 C - 4 potions of curing
 F - a potion of cancellation
 M - 3 potions of haste {unknown}
Miscellaneous
 U - a sack of spiders
Comestibles
 f - 15 rations
 J - 7 chunks of flesh


   Skills:
 + Level 12.0 Fighting
 * Level 11.4 Maces & Flails
 + Level 12.0 Armour
 - Level 11.4 Shields
 * Level 3.1 Invocations


You had 12 spell levels left.
You didn't know any spells.
Your spell library contained the following spells:

 Spells                   Type           Power        Failure   Level  Hunger
 Confusing Touch          Hex            #.....       91%         1    ##.....
 Corona                   Hex            #......      91%         1    ##.....
 Sandblast                Erth           #.....       91%         1    ##.....
 Sting                    Conj/Pois      #...         91%         1    ##.....
 Passwall                 Tmut/Erth      #.......     97%         2    ###....
 Poisonous Vapours        Pois/Air       #.....       97%         2    ###....
 Slow                     Hex            #.......     97%         2    ###....
 Confuse                  Hex            #.......     99%         3    ####...
 Conjure Flame            Conj/Fire      #.......     99%         3    ####...
 Gell's Gravitas          Tloc           #.........   99%         3    ####...
 Inner Flame              Hex/Fire       #.......     99%         3    ####...
 Mephitic Cloud           Conj/Pois/Air  #.......     99%         3    ####...
 Portal Projectile        Hex/Tloc       #.....       99%         3    ####...
 Stone Arrow              Conj/Erth      #.....       99%         3    ####...
 Cause Fear               Hex            #.........   100%        4    #####..
 Leda's Liquefaction      Hex/Erth       #.........   100%        4    #####..
 Olgreb's Toxic Radiance  Pois           #.......     100%        4    #####..
 Petrify                  Tmut/Erth      #.......     100%        4    #####..
 Bolt of Magma            Conj/Fire/Erth #.........   100%        5    ######.
 Iskenderun's Battlesphe  Conj/Chrm      #.......     100%        5    ######.
 Lee's Rapid Deconstruct  Erth           #.........   100%        5    ######.
 Metabolic Englaciation   Hex/Ice        #.........   100%        5    ######.
 Venom Bolt               Conj/Pois      #.........   100%        5    ######.
 Yara's Violent Unravell  Hex/Tmut       #.........   100%        5    ######.
 Freezing Cloud           Conj/Ice/Air   #.........   100%        6    #######
 Iron Shot                Conj/Erth      #.........   100%        6    #######
 Orb of Destruction       Conj           #.........   100%        7    #######
 Ring of Flames           Chrm/Fire      #.........   100%        7    #######
 Spellforged Servitor     Conj/Summ      #.........   100%        7    #######


Dungeon Overview and Level Annotations

Branches:
Dungeon (12/15)            Temple (0/1) D:4            Lair (0/6) D:10
    Orc (0/2) D:12

Altars:
Elyvilon
Fedhas
Gozag
Hepliaklqana
Makhleb
Nemelex Xobeh
Qazlal
Sif Muna
Trog
Uskayaw
Xom
Yredelemnul
Zin
The Shining One

Shops:
D:4 [   D:5 }   D:8 ?   D:10 }

Annotations:
D:12 Frances


Innate Abilities, Weirdness & Mutations

You are resistant to torment.
Your stone body is resilient. (AC +9)
You are immune to poison.
You resist negative energy. (rN+)
You are resistant to electric shocks. (rElec)
You can survive without breathing.
You are immune to petrification.
You are immune to rotting.


Message History

The fireball engulfs the ufetubus.
The ufetubus is burned terribly!
You kill the ufetubus!
The fireball engulfs the hellwing.
The hellwing is lightly wounded.
The fireball engulfs the orc.
You kill the orc!
Makhleb accepts your kill.
You feel better. The fireball engulfs you!
The fireball engulfs the chaos spawn.
The chaos spawn is lightly wounded.
Frances barely misses you.
The hellwing swoops through the air toward you!
The hellwing hits you.
* * * LOW HITPOINT WARNING * * *
The hellwing hits you but does no damage.
You bludgeon Frances!!
Frances is almost dead.
The quasit disappears in a puff of smoke!
Frances hits you with a +0 flail!
You die...

######### ....... ......
####.... ### ### ##
##..##..##..## #.. ...
.......54$4..# #..
...........3@@...# #..
##..##..##.)##..## #..
#....####.§5.####..
####..
...................
......
............#.##########
###.. ####..........#
#.)..# #.. #........###
#....# #.. .#
####......)>#
#....#####..
.........<.(#
#...........


You could see Frances, a hellwing, a neqoxec, a chaos spawn and a shadow imp.

Vanquished Creatures
  A minotaur (Gauntlet)
  Erolcha (D:11)
  Erica (D:8)
  2 two-headed ogres
  2 unseen horrors
  An orc knight (D:8)
  A necromancer (Gauntlet)
  2 oklob plants (D:10)
  2 orc sorcerers
  A deep elf mage (D:7)
  A cyclops (D:12)
  A faun (shapeshifter) (D:8)
  2 ugly things
  The ghost of MirrMurr the Covert, a novice SpEn (D:6)
  4 orange demons
  2 red devils (D:12)
  A troll (D:11)
  A hornet (D:11)
  A blink frog (shapeshifter) (D:12)
  2 hippogriffs
  7 flying skulls (Gauntlet)
  A shadow (D:11)
  A spriggan (D:7)
  A wyvern (D:7)
  4 yaks
  A steam dragon (D:12)
  A basilisk (D:11)
  5 hungry ghosts
  2 swamp worms (Gauntlet)
  An acid dragon (D:11)
  A soldier ant (D:7)
  5 orc warriors
  2 ice beasts
  A black bear (D:9)
  2 sky beasts
  2 phantoms (D:7)
  4 ogres
  4 eyes of draining
  5 necrophages
  3 centaurs
  6 wolves (Gauntlet)
  A crocodile (D:9)
  A wyvern zombie (D:8)
  16 bullfrogs
  A gnoll sergeant (D:6)
  6 scorpions
  11 killer bees
  2 wights (D:7)
  5 howler monkeys
  8 crimson imps
  9 hounds
  A quasit (D:6)
  10 orc priests
  3 bullfrog skeletons
  2 jellies
  3 centaur skeletons
  14 orc wizards
  Jessica (D:3)
  8 iguanas
  7 worker ants
  A killer bee zombie (D:7)
  6 ogre zombies (D:12)
  3 hound skeletons
  2 mummies
  3 worker ant zombies (D:8)
  12 gnolls
  10 adders
  2 shadow imps
  2 oozes
  An adder zombie (D:8)
  2 adder skeletons (D:4)
  3 worms
  3 dart slugs
  9 leopard geckos
  47 orcs
  6 bats
  5 giant cockroaches
  11 goblins
  9 hobgoblins
  7 jackals
  3 quokkas
  6 frilled lizards
  3 goblin skeletons (D:12)
  4 goblin zombies (D:12)
  2 hobgoblin zombies (D:12)
  4 kobolds
  2 leopard gecko skeletons (D:4)
  An orc skeleton (D:12)
  7 orc zombies (D:12)
  A quokka skeleton (D:8)
  7 rats
382 creatures vanquished.

Vanquished Creatures (others)
  A plant (D:10)
  A withered plant (Gauntlet)
2 creatures vanquished.

Grand Total: 384 creatures vanquished

Notes
Turn   | Place    | Note
-------+----------+-------------------------------------------
     0 | D:1      | Brecoman the Gargoyle Fighter began the quest for the Orb.
     0 | D:1      | Reached XP level 1. HP: 14/14 MP: 1/1
   172 | D:1      | Reached XP level 2. HP: 16/19 MP: 2/2
   414 | D:1      | Reached XP level 3. HP: 23/23 MP: 3/3
   560 | D:2      | Found a burning altar of Makhleb.
   571 | D:2      | Became a worshipper of Makhleb the Destroyer
   668 | D:2      | Reached XP level 4. HP: 29/29 MP: 4/4
  1120 | D:2      | Found a basalt altar of Yredelemnul.
  1281 | D:3      | Reached XP level 5. HP: 28/33 MP: 5/5
  1313 | D:3      | Reached * piety under Makhleb
  1808 | D:3      | Reached XP level 6. HP: 20/39 MP: 6/6
  2001 | D:3      | Noticed Jessica
  2010 | D:3      | Killed Jessica
  2497 | D:4      | Reached skill level 5 in Fighting
  2497 | D:4      | Reached skill level 5 in Armour
  2533 | D:4      | Found a sparkling altar of Nemelex Xobeh.
  2540 | D:4      | Reached skill level 5 in Shields
  2582 | D:4      | Reached XP level 7. HP: 35/44 MP: 7/7
  2620 | D:4      | Found a bloodstained altar of Trog.
  2620 | D:4      | Found a glowing silver altar of Zin.
  2621 | D:4      | Found a deep blue altar of Sif Muna.
  2624 | D:4      | Found a staircase to the Ecumenical Temple.
  3065 | D:4      | Reached ** piety under Makhleb
  3297 | D:4      | Found Gicseuts's Antique Armour Shoppe.
  3801 | D:5      | Entered Level 5 of the Dungeon
  4032 | D:5      | Noticed a moth of wrath
  4035 | D:5      | Found a bloodstained altar of Trog.
  4124 | D:5      | Found an opulent altar of Gozag.
  4582 | D:5      | Reached XP level 8. HP: 49/51 MP: 8/8
  5143 | D:5      | Found Wuxozu's Gadget Shop.
  5467 | D:6      | Reached skill level 5 in Maces & Flails
  5755 | D:6      | Found a runed gate.
  5756 | D:6      | Found a runed gate.
  5757 | D:6      | Found a runed gate.
  5765 | D:6      | Noticed MirrMurr's ghost (novice SpEn)
  5855 | D:6      | Killed MirrMurr's ghost
  5973 | D:6      | Reached XP level 9. HP: 56/56 MP: 9/9
  6559 | D:7      | Reached *** piety under Makhleb
  7270 | D:7      | Found a shimmering altar of Xom.
  7271 | D:7      | Found a hazy altar of Hepliaklqana.
  7272 | D:7      | Noticed a spectral ugly thing
  7582 | D:7      | Found a glowing golden altar of the Shining One.
  7600 | D:7      | Found a white marble altar of Elyvilon.
  7657 | D:8      | Noticed an orc knight
  7675 | D:8      | Found a deep blue altar of Sif Muna.
  7695 | D:8      | Killed an orc knight
  7695 | D:8      | Reached XP level 10. HP: 39/64 MP: 10/10
  7707 | D:8      | Noticed a +0 hand axe
  7709 | D:8      | Found Umahomuice's Magic Scroll Boutique.
  7727 | D:8      | Bought a scroll of brand weapon for 200 gold pieces
  7812 | D:8      | Noticed Erica
  7831 | D:8      | Killed Erica
  7897 | D:8      | Noticed a +0 dagger
  7901 | D:8      | Found a hide-covered altar of Uskayaw.
  7952 | D:8      | Noticed a water nymph
  7956 | D:8      | Noticed a cyclops
  7956 | D:8      | a water nymph changed into a cyclops
  7970 | D:8      | Noticed a faun
  7985 | D:8      | Killed a faun
  8125 | D:8      | Identified the ring of Utevaibb {rElec rF++ MR- EV+2}
  8126 | D:8      | Noticed an orc sorcerer
  8128 | D:8      | Noticed a deep elf mage
  8193 | D:8      | Noticed an orc sorcerer
  8195 | D:8      | Noticed a soul eater
  8224 | D:7      | Killed an orc sorcerer
  8407 | D:8      | Reached **** piety under Makhleb
  8571 | D:8      | Noticed a soul eater
  8583 | D:8      | Noticed a rust devil
  8631 | D:8      | Noticed a sixfirhy
  8640 | D:8      | Noticed a sun demon
  8957 | D:7      | Killed a deep elf mage
  8957 | D:7      | Reached XP level 11. HP: 42/72 MP: 11/11
  9384 | D:8      | Killed an orc sorcerer
  9611 | D:9      | Found a blossoming altar of Fedhas.
  9614 | D:9      | Found a stormy altar of Qazlal.
  9826 | D:9      | Reached skill level 10 in Fighting
  9826 | D:9      | Reached skill level 10 in Armour
  9901 | D:9      | Reached skill level 10 in Shields
  9940 | D:9      | Got a twisted leather armour
  9943 | D:9      | Identified the cursed +0 leather armour "Qoack" {rElec rN++
                  | Int+3 Slay-4} (You found it on level 9 of the Dungeon)
 10414 | D:10     | Entered Level 10 of the Dungeon
 10558 | D:10     | Found a staircase to the Lair.
 10559 | D:10     | Noticed an oklob plant
 10565 | D:10     | Noticed an oklob plant
 10577 | D:10     | Killed an oklob plant
 10728 | D:10     | Killed an oklob plant
 10859 | D:10     | Noticed an unseen horror
 10893 | D:10     | Killed an unseen horror
 11228 | D:10     | Noticed a two-headed ogre
 11236 | D:10     | Killed a two-headed ogre
 11248 | D:10     | Found Xoramiwk's Gadget Emporium.
 11572 | D:11     | Reached ***** piety under Makhleb
 11763 | D:11     | Noticed Erolcha
 11777 | D:11     | Killed Erolcha
 11810 | D:11     | Reached XP level 12. HP: 44/79 MP: 12/12
 12102 | D:11     | Reached skill level 10 in Maces & Flails
 12546 | D:12     | Noticed Frances
 12604 | D:12     | Found a gate leading to a gauntlet.
 12614 | Gauntlet | Entered a Gauntlet
 12614 | Gauntlet | Found a transporter.
 12614 | Gauntlet | Found a runed translucent door.
 12615 | Gauntlet | Found a runed translucent door.
 12621 | Gauntlet | Found a transporter.
 12624 | Gauntlet | Found a transporter.
 12632 | Gauntlet | Found a transporter.
 12634 | Gauntlet | Found a transporter.
 12646 | Gauntlet | Found the +8 glaive of the Guard {elec, +Rage AC+5 SInv}
 12648 | Gauntlet | Found a transporter.
 12662 | Gauntlet | Found a transporter.
 12671 | Gauntlet | Found a runed translucent door.
 12672 | Gauntlet | Found a transporter.
 12673 | Gauntlet | Found a runed translucent door.
 12679 | Gauntlet | Noticed a reaper
 12682 | Gauntlet | Found a transporter.
 12696 | Gauntlet | Found a transporter.
 12705 | Gauntlet | Found a transporter.
 12707 | Gauntlet | Found a transporter.
 12792 | Gauntlet | Found a transporter.
 12835 | Gauntlet | Got a brightly glowing great mace
 12836 | Gauntlet | Identified the +8 great mace of Destiny {crush, +Inv Str+4}
                  | (You found it in a Gauntlet)
 12945 | Gauntlet | Noticed a minotaur
 12953 | Gauntlet | Killed a minotaur
 12959 | Gauntlet | Got a smoking marble ring
 12969 | D:12     | Identified the ring "Siboaq" {rCorr rF+} (You found it in a
                  | Gauntlet)
 13049 | D:12     | Found a staircase to the Orcish Mines.
 13080 | D:12     | Reached ****** piety under Makhleb
 13119 | D:12     | Noticed a two-headed ogre
 13126 | D:12     | Killed a two-headed ogre
 13126 | D:12     | Reached skill level 1 in Invocations
 13275 | D:12     | Reached XP level 13. HP: 85/85 MP: 14/14
 13328 | D:12     | HP: 1/86 [hellwing[Frances] (4)]
 13329 | D:12     | Mangled by Frances

Vault maps used:
D:1:      dpeg_arrival_simpleton_c, minmay_misc_feat_doors
D:2:      lemuel_round_altar, bloody_makhleb
D:3:      minivault_25, uniq_jessica
D:4:      nicolae_overflow_crystal_walls,
          chequers_temple_overflow_statue_of_worship,
          minmay_temple_entry_butterflies, serial_shops,
          nicolae_shop_behind_doors
D:5:      nicolae_gozag_seed_capital, serial_shops, shop, first_ration,
          minmay_misc_feat_diagonals, tgw_trog
D:6:      gammafunk_ghost_split
D:7:      regret_index_temple_of_mockery, marbit_many_paths, basic_altar,
          the_bakery, hangedman_abyss_or_decor_stabs, nrook_campfire
D:8:      minmay_the_grid_plus, dancing_weapons_uskayaw, serial_undead,
          serial_undead_a, serial_undead_d, serial_undead_f, serial_undead_e,
          serial_shops, shop, gup_ossuary_entry_pyramid,
          chequers_serial_rivers_small_a, lemuel_blue_sif_altar, uniq_erica
D:9:      grunt_temple_overflow_forces_of_nature, minivault_11,
          hangedman_corner_corridor
D:10:     dpeg_oklobed_lair, serial_shops, kennysheep_mini
D:11:     uniq_erolcha
D:12:     minmay_open_boxes_in_corner, zombieorc1_lemuel,
          gammafunk_ghost_necromancy, gauntlet_entry_generic,
          minmay_beelzebubs_servants, uniq_frances
Gauntlet: minmay_gauntlet_77_tree

Skill      XL: |  1  2  3  4  5  6  7  8  9 10 11 12 13 |
---------------+----------------------------------------+-----
Fighting       | 4 5 6 8 9 10 11 12 | 12.0
Armour         | 4 5 6 8 9 10 11 12 | 12.0
Shields        | 4 5 6 8 9 10 11 | 11.4
Maces & Flails | 3 4 5 7 8 9 11 | 11.4
Invocations    | 2 3 |  3.1

Action                   |  1- 3 |  4- 6 |  7- 9 | 10-12 | 13-15 || total
-------------------------+-------+-------+-------+-------+-------++-------
Melee: Flail             |    93 |   195 |       |       |       ||   288
       Mace              |       |    84 |    80 |       |       ||   164
       Morningstar       |       |       |    54 |   730 |       ||   784
       Whip              |       |       |   388 |    25 |       ||   413
       Great mace        |       |       |       |   122 |    20 ||   142
Throw: Stone             |       |     7 |       |     1 |       ||     8
Invok: Major Destruction |       |       |       |       |     1 ||     1
Evoke: Wand              |       |       |     1 |       |       ||     1
  Use: Potion            |       |     4 |     1 |       |     1 ||     6
       Scroll            |       |     1 |    14 |     9 |       ||    24
  Eat: Chunk             |       |     6 |    14 |    21 |       ||    41
       Ration            |       |       |     1 |     5 |       ||     6
Armor: Scale mail        |    61 |    35 |       |       |       ||    96
       Plate armour      |       |   207 |   288 |   640 |    26 ||  1161
Dodge: Dodged            |    16 |    69 |    83 |   289 |    15 ||   472
Block: Shield            |    63 |   199 |   249 |   641 |       ||  1152
       Other             |       |       |       |    29 |    11 ||    40
       Reflection        |       |       |       |     1 |       ||     1

Table legend:
 A = Non-vault XP
 B = Vault XP
 C = Vault XP percentage of total XP
 D = Non-vault monster count
 E = Vault monster count
 F = Vault count percentage of total count
                 A         B        C        D         E       F
            +---------+---------+-------+---------+---------+-------
      Total |   16910 |   16268 |  49.0 |     286 |      96 |  25.1
            +---------+---------+-------+---------+---------+-------
        D:1 |      38 |       0 |   0.0 |      20 |       0 |   0.0
        D:2 |     152 |       0 |   0.0 |      22 |       0 |   0.0
        D:3 |     214 |      37 |  14.7 |      27 |       1 |   3.6
        D:4 |     613 |       0 |   0.0 |      36 |       0 |   0.0
        D:5 |     587 |       9 |   1.5 |      19 |       5 |  20.8
        D:6 |     926 |     473 |  33.8 |      18 |       4 |  18.2
        D:7 |    1307 |    1877 |  59.0 |      24 |       9 |  27.3
        D:8 |     965 |    3624 |  79.0 |      20 |      20 |  50.0
        D:9 |    1006 |     538 |  34.8 |      22 |       5 |  18.5
       D:10 |    2718 |    1227 |  31.1 |      15 |       2 |  11.8
       D:11 |    4320 |    2275 |  34.5 |      43 |       4 |   8.5
       D:12 |    4064 |    1743 |  30.0 |      20 |      29 |  59.2
   Gauntlet |       0 |    4465 | 100.0 |       0 |      17 | 100.0
            +---------+---------+-------+---------+---------+-------
